 Dungeon Crawl Stone Soup version 0.30-a0-1002-ga41ad49a19 (webtiles) character file.

Game seed: 4320925613245414819

156 112233 the Magician (level 5, -8/28 HPs)
             Began as a Deep Elf Earth Elementalist on Apr 5, 2023.
             Was an Initiate of Vehumet.
             Mangled by a steam dragon (10 damage)
             ... on level 4 of the Dungeon.
             The game lasted 00:02:36 (2915 turns).

112233 the Magician (Deep Elf Earth Elementalist)   Turns: 2915, Time: 00:02:36

Health: -8/28      AC:  2    Str:  5    XL:     5   Next: 15%
Magic:  7/14       EV: 13    Int: 22    God:    Vehumet [......]
Gold:   198        SH:  0    Dex: 21    Spells: 8/14 levels left

rFire   . . .      SeeInvis .    u - +1 dagger (protect)
rCold   . . .      Faith    .    (no shield)
rNeg    . . .      Spirit   .    a - +0 robe
rPois   +          Reflect  .    (no helmet)
rElec   .          Rampage  .    (no cloak)
rCorr   .                        (no gloves)
Will    .....                    (no boots)
Stlth   ++                       (no amulet)
HPRegen 0.24/turn                j - +6 ring of dexterity
MPRegen 0.14/turn                p - ring of poison resistance

@: no status effects
A: no striking features
a: Renounce Religion


You were on level 4 of the Dungeon.
You worshipped Vehumet.
Vehumet was noncommittal.
You visited 2 branches of the dungeon, and saw 5 of its levels.

You collected 198 gold pieces.

Inventory:

Hand Weapons
 u - a +1 dagger of protection (weapon)
Armour
 a - a +0 robe (worn)
Jewellery
 d - a ring of positive energy
 j - a +6 ring of dexterity (left hand)
 p - a ring of poison resistance (right hand)
Wands
 v - a wand of polymorph (8)
Scrolls
 e - 8 scrolls of identify {unknown}
 f - a scroll of amnesia {unknown}
 g - a scroll of fog {unknown}
 h - 2 scrolls of immolation {unknown}
 k - a scroll of vulnerability {unknown}
 n - 2 scrolls of enchant weapon {unknown}
 o - 2 scrolls of teleportation {unknown}
 r - a scroll of torment {unknown}
Potions
 b - a potion of magic
 c - 3 potions of flight {unknown}
 i - a potion of brilliance {unknown}
 l - a potion of haste {unknown}
 m - a potion of might {unknown}
 q - a potion of cancellation {unknown}
 s - 2 potions of attraction {unknown}
 t - 2 potions of curing {unknown}


   Skills:
 + Level 0.9 Fighting
 + Level 2.9 Dodging
 - Level 2.4 Stealth
 * Level 5.0 Spellcasting
 + Level 1.1 Conjurations
 - Level 1.1 Transmutations
 * Level 4.7 Earth Magic


You had 8 spell levels left.
You knew the following spells:

 Your Spells              Type           Power      Damage    Failure   Level
a - Sandblast             Erth           52%        2d12      1%          1
b - Stone Arrow           Conj/Erth      36%        3d9       9%          3
c - Passwall              Tmut/Erth      15%        N/A       4%          2

Your spell library contained the following spells:

 Spells                   Type           Power      Damage    Failure   Level
 Magic Dart               Conj           40%        1d5       6%          1
 Freeze                   Ice            20%        1d4       10%         1
 Call Imp                 Summ           5%         N/A       16%         2
 Hailstorm                Conj/Ice       8%         3d4       24%         3
 Mephitic Cloud           Conj/Pois/Air  7%         N/A       26%         3
 Frozen Ramparts          Ice            10%        1d2       30%         3
 Petrify                  Tmut/Erth      18%        N/A       30%         4


Dungeon Overview and Level Annotations

Branches:
Dungeon (4/15)             Temple (1/1) D:4

Altars:
Cheibriados
Dithmenos
Elyvilon
Fedhas
Gozag
Kikubaaqudgha
Makhleb
Nemelex Xobeh
Okawaru
Qazlal
Sif Muna
Trog
Uskayaw
Vehumet
Wu Jian
Xom
Yredelemnul
Zin

Shops:
D:3 (

Annotations:
D:3 exclusion: downstairs


Message History

Casting: Sandblast (safe; 1% risk of failure)
Confirm with . or Enter, or press ? or * to list all spells.
The spell is quite dangerous to miscast (9% risk of failure)!
Continue anyway? [Y]es or [N]o only, please.
The spell is quite dangerous to miscast (9% risk of failure)!
Continue anyway?
Okay, then.
Casting: Stone Arrow (quite dangerous; 9% risk of failure)
Confirm with . or Enter, or press ? or * to list all spells.
The spell is quite dangerous to miscast (9% risk of failure)!
Continue anyway? [Y]es or [N]o only, please.
The spell is quite dangerous to miscast (9% risk of failure)!
Continue anyway?
Aiming: Stone Arrow (quite dangerous; 9% risk of failure)
Press: ? - help, Shift-Dir - straight line, f/p - steam dragon
Aim: a steam dragon (68% to hit)
The stone arrow hits the steam dragon!
The steam dragon is heavily wounded.
Unknown command.
Casting: Stone Arrow (quite dangerous; 9% risk of failure)
Confirm with . or Enter, or press ? or * to list all spells.
The spell is quite dangerous to miscast (9% risk of failure)!
Continue anyway? [Y]es or [N]o only, please.
The spell is quite dangerous to miscast (9% risk of failure)!
Continue anyway?
Aiming: Stone Arrow (quite dangerous; 9% risk of failure)
Press: ? - help, Shift-Dir - straight line, f/p - steam dragon
Aim: a steam dragon (heavily wounded, 68% to hit)
The stone arrow misses the steam dragon.
Unknown command.
Casting: Stone Arrow (quite dangerous; 9% risk of failure)
Confirm with . or Enter, or press ? or * to list all spells.
Aiming: Sandblast (safe; 1% risk of failure)
Press: ? - help, Shift-Dir - straight line, f/p - steam dragon
Aim: a steam dragon (heavily wounded, 83% to hit)
The blast of sand hits the steam dragon!
The steam dragon is almost dead.
The steam dragon breathes steam at you. The ball of steam hits you!!
Ouch! That really hurt!
* * * LOW HITPOINT WARNING * * *
The steam dragon bites you!
You die...

#. #. #. ### #. ## ##' ##
#.. .. .# ##.. . #.# #
.##.# ##... #. #. #.#
#..#..# ##....
#...#.###.###.#...####.....
........§§§D.........+.....
...#.#.##@....<..####.....
#.#.##.##.##.## ##....
#.#.##.## ##.# ##...
#.#.##.# .# ##.. #.#.##.#
.# ##' #######.###.#.##.#
.# #. ......#.......##.. .?
#. #.###.#####.####.. ..
##. #.# #.# #.# ##..


You could see a steam dragon (catching breath).

Vanquished Creatures
  A hound (D:4)
  An iguana (D:4)
  4 adders (D:3)
  A dart slug (D:1)
  A worm (D:3)
  7 ball pythons
  12 endoplasms
  A giant cockroach (D:4)
  9 hobgoblins
  2 jackals (D:4)
  4 quokkas
  3 bats
  6 goblins
  4 kobolds
56 creatures vanquished.

Notes
Turn   | Place    | Note
-------+----------+-------------------------------------------
     0 | D:1      | 112233 the Deep Elf Earth Elementalist began the quest for
                  | the Orb.
     0 | D:1      | Reached XP level 1. HP: 10/10 MP: 6/6
   140 | D:1      | Reached XP level 2. HP: 10/15 MP: 1/8
   392 | D:1      | You fall into a shaft and drop 1 floor!
   662 | D:2      | Reached skill level 4 in Spellcasting
   768 | D:2      | Reached XP level 3. HP: 19/19 MP: 6/10
  1205 | D:3      | Learned a level 3 spell: Stone Arrow
  1208 | D:3      | Learned a level 2 spell: Passwall
  1282 | D:3      | Found Jaggiv's Antique Weapon Emporium.
  1533 | D:3      | Reached XP level 4. HP: 24/24 MP: 9/12
  2121 | D:4      | Noticed an ice beast
  2362 | D:4      | Found a staircase to the Ecumenical Temple.
  2371 | Temple   | Entered the Ecumenical Temple
  2517 | Temple   | Became a worshipper of Vehumet
  2675 | D:4      | Reached skill level 5 in Spellcasting
  2675 | D:4      | Reached skill level 1 in Conjurations
  2675 | D:4      | Reached XP level 5. HP: 25/28 MP: 8/14
  2910 | D:4      | an ice beast changed into a steam dragon
  2910 | D:4      | Noticed a steam dragon
  2915 | D:4      | Mangled by a steam dragon

Illustrated notes

Levels and vault maps discovered:
D:1:      lightli_arrival_chessboard, layout_basic, minivault_4
D:2:      layout_rooms, minmay_pentomino_o4
D:3:      layout_basic, serial_aquarium, aquarium_bridge_square
          [aquarium_subvault_wall, aquarium_subvault_bridge,
          aquarium_subvault_bridge, aquarium_subvault_bridge],
          aquarium_window_2, aquarium_window_1, aquarium_window_corner,
          aquarium_view_2g, aquarium_view_2b, aquarium_balcony_1a, serial_shops,
          shop
D:4:      layout_loops_corners, minmay_temple_entry_grid, grunt_decor_fettered
Temple:   minmay_crystal_snake_temple

Skill      XL: |  1  2  3  4 |
---------------+-------------+-----
Spellcasting   | 4 5 |  5.0
Earth Magic    | 4 |  4.7
Conjurations   | 1 |  1.1
Fighting       | |  0.9
Dodging        | |  2.9
Stealth        | |  2.4
Transmutations | |  1.1

Action                     |  1- 3 |  4- 6 || total
---------------------------+-------+-------++-------
  Melee: Unarmed           |     1 |     1 ||     2
   Cast: Sandblast         |    54 |    24 ||    78
         Stone Arrow       |       |     2 ||     2
  Evoke: Wand              |       |     1 ||     1
 Armour: Robe              |     6 |     1 ||     7
  Dodge: Dodged            |    20 |     5 ||    25

Table legend: (Time is in decaauts)
 A = Elapsed time spent in this place.
 B = Non-inter-level travel time spent in this place.
 C = Inter-level travel time spent in this place.
 D = Time resting spent in this place.
 E = Time spent auto-exploring this place.
 F = Levels seen in this place.
 G = Mean time per level.
                   A        B        C        D        E       F      G
               +--------+--------+--------+--------+--------+-----+--------+
         Total |   2952 |   2724 |    228 |      0 |   2358 |   5 |  590.4 |
       Dungeon |   2781 |   2588 |    193 |      0 |   2240 |   4 |  695.2 |
        Temple |    170 |    136 |     34 |      0 |    118 |   1 |  170.0 |
               +--------+--------+--------+--------+--------+-----+--------+

Top non-repeatable levels by time:
     D:3: 1021 daAuts
     D:1: 682 daAuts
     D:4: 548 daAuts
     D:2: 529 daAuts
  Temple: 170 daAuts
